[Event "Late-Titled-Tuesday-Blitz-August-29-2023"]
[Site "Chess.com"]
[Date "2023.08.29"]
[Round "7"]
[White "enriquetejedor"]
[Black "dretch"]
[Result "1-0"]
[WhiteElo "2743"]
[BlackElo "2894"]
[TimeControl "180+1"]
[EndTime "15:16:36 PDT"]
[Termination "enriquetejedor won on time"]

1. d4 d5 2. c4 c6 3. Nf3 Nf6 4.
Nc3 dxc4 5. a4 Bf5 6. Ne5 Nbd7 7. Nxc4 Nb6 8. Ne5 a5 9. f3 Nfd7 10. Nxd7 Nxd7 11. e4 Bg6 12. Be3 Qb6 13. Qd2 e6 14.
Be2 Bb4 15. O-O O-O 16. Rfd1 Rfd8 17. Bf1 f5 18. exf5 exf5 19. d5 Bc5 20. Bxc5 Qxc5+ 21. Qf2 Bf7 22. dxc6 bxc6 23. Rd4 Qe7 24. Rad1 Nf6 25. Qd2 Rdb8 26. Re1 Qc5 27. Qf2 Qb6 28. Rd2 Kf8 29. Ne2 Qxf2+ 30. Kxf2 Rb4 31. Nd4 Rxa4 32. Nxc6 g6 33.
Bb5 Ra2 34. Nd8 Bg8 35. Ne6+ Bxe6 36. Rxe6 Ng8 37. Rb6 Rc8 38. Rb7 Nf6 39. Kg3 Nh5+ 40.
Kh4 Kg8 41. g4 fxg4 42. fxg4 Nf6 43. g5 1-0

[Event "Late-Titled-Tuesday-Blitz-August-29-2023"]
[Site "Chess.com"]
[Date "2023.08.29"]
[Round "7"]
[White "GMKrikor"]
[Black "adiosabu"]
[Result "1-0"]
[WhiteElo "2875"]
[BlackElo "2609"]
[TimeControl "180+1"]
[EndTime "15:16:36 PDT"]
[Termination "GMKrikor won on time"]

1. Nf3 d6 2. d4 Nd7 3. c4 e5 4. e4 Ngf6 5. Nc3 Be7 6. Be2 O-O 7. O-O c6 8. Be3 a6 9. a4 a5 10. h3 exd4 11. Nxd4 Nc5 12. Qc2 Re8 13. f4 Bf8 14.
Bf3 g6 15. Rad1 Qb6 16. Rfe1 Qb4 17. b3 Bg7 18. Kh1 h5 19. Bf2 Nfd7 20. Rb1 Ne6 21. Nde2 Ndc5 22. Red1 Bf8 23. Bh4 Bg7 24. f5 Nf8 25. Be1 Qb6 26. Nf4 Be5 27. Nce2 Qc7 28. Bc3 Qe7 29. Re1 Qh4 30. Bxe5 dxe5 31. Nd3 Nfd7 32.
Rbd1 Nxe4 33. fxg6 fxg6 34. c5 Ndf6 35. Kg1 Bf5 36.
Qc4+ Kg7 37. Nf2 Qxf2+ 38. Kh2 Qh4 39. Rf1 Rad8 40. b4 Rxd1 41. Rxd1 1-0

[Event "Late-Titled-Tuesday-Blitz-August-29-2023"]
[Site "Chess.com"]
[Date "2023.08.29"]
[Round "7"]
[White "OparinGrigoriy"]
[Black "Bauman_Guy"]
[Result "1-0"]
[WhiteElo "2979"]
[BlackElo "2854"]
[TimeControl "180+1"]
[EndTime "15:16:37 PDT"]
[Termination "OparinGrigoriy won by resignation"]

1. c4 Nf6 2. Nc3 e5 3. Nf3 Nc6 4. g3 g6 5. Bg2 Bg7 6. O-O O-O 7.
d3 d6 8. a3 a5 9. Rb1 h6 10. b4 axb4 11. axb4 Be6 12. b5 Ne7 13. Qb3 Nd7 14. Ba3 b6 15. Nd2 Ra7 16. Ra1 Qb8 17.
Bb4 Nc5 18. Qb2 f5 19. Rxa7 Qxa7 20. Ra1 Qb8 21. Ra8 Qxa8 22. Bxa8 Rxa8 23. Bxc5 dxc5 24. e4 Nc8 25. Kg2 Nd6 26. f3 g5 27. exf5 Nxf5 28.
Nde4 Nd4 29. Ne2 Bf5 30. Nxd4 exd4 31. Qe2 Ra3 32. Nf2 Kf7 33. h4 Bf6 34. g4 Bh7 35. Ne4 gxh4 36. f4 Be7 37. f5 h5 38. Qf3 hxg4 39. Qxg4 Rxd3 40. Qh5+ Kg7 41. f6+ Bxf6 42.
Nxf6 Rg3+ 43. Kf2 Kxf6 44. Qxh4+ Rg5 45. Qxh7 Rg7 46. Qh6+ Kf7 47. Kf3 Kg8 48. Ke4 Rd7 49. Qe6+ Rf7 50. Kd5 Kg7 51. Qg4+ Kf8 52. Qg5 Ke8 53.
Ke6 Kf8 54. Qg6 Re7+ 55. Kf6 d3 56. Qxd3 Rf7+ 57. Kg6 Rg7+ 58. Kh6 Re7 59. Qf5+ Ke8 60. Qc8+ Kf7 61. Kg5 Re5+ 62. Kf4 Re7 63. Kf5 Kg7 64. Qd8 Kf7 65. Qh8 Rd7 66. Ke5 Ke7 67. Qc8 1-0

[Event "Late-Titled-Tuesday-Blitz-August-29-2023"]
[Site "Chess.com"]
[Date "2023.08.29"]
[Round "7"]
[White "Goryachkina"]
[Black "Zhigalko_Sergei"]
[Result "0-1"]
[WhiteElo "2639"]
[BlackElo "2921"]
[TimeControl "180+1"]
[EndTime "15:16:38 PDT"]
[Termination "Zhigalko_Sergei won on time"]

1. e4 c5 2. Nf3 Nc6 3. Bb5 Nf6 4.
Nc3 Qc7 5. O-O Nd4 6. Re1 a6 7. Bf1 e5 8. Nd5 Nxd5 9. exd5 d6 10. c3 Nxf3+ 11. Qxf3 Be7 12. d4 O-O 13. dxe5 dxe5 14.
Qg3 Bd6 15. Qh4 Bf5 16. Be3 Rae8 17. b4 h6 18. bxc5 Bxc5 19. Rad1 Bd6 20. c4 b6 21. Rc1 Ba3 22. c5 bxc5 23. Rc4 Qa5 24. Rd1 Bb4 25. Bxh6 gxh6 26. Qxh6 e4 27. d6 Re6 28. Qg5+ Bg6 29.
h4 Qd8 30. Qg3 Kh7 31. a3 Ba5 32. h5 Bxh5 33. Rd5 Bg6 34. Rcxc5 Bb6 35. Rh5+ Kg7 36. Rcd5 e3 0-1

[Event "Late-Titled-Tuesday-Blitz-August-29-2023"]
[Site "Chess.com"]
[Date "2023.08.29"]
[Round "7"]
[White "Cluke86"]
[Black "Jaka_Brilej"]
[Result "0-1"]
[WhiteElo "2287"]
[BlackElo "2510"]
[TimeControl "180+1"]
[EndTime "15:16:38 PDT"]
[Termination "Jaka_Brilej won on time"]

1. e4 e6 2. d4 d5 3. Nc3 Nf6 4. e5 Nfd7 5. Qg4 c5 6. Nb5 Nc6 7. Nd6+ Bxd6 8. Qxg7 Nxd4 9. Qxh8+ Bf8 10. Kd1 Qh4 11. Be3 Nf5 12. Nf3 Nxe3+ 13. fxe3 Qe4 14. Bd3 Qxe3 15. Re1 Qf2 16. Qg8 c4 17. Rf1 Qb6 18. Bxh7 Qxb2 19. Rc1 b6 20. Ng5 Qd4+ 21. Bd3 Nxe5 22. Nxf7 Qg4+ 23. Qxg4 Nxg4 24. Bg6 Ne3+ 25. Ke2 Nxf1 26. Rxf1 Ba6 27. c3 Bg7 28. Ne5+ Kd8 29. Nc6+ Kc7 30. Nb4 Bxc3 31. Nxa6+ Kb7 32. Rf3 Ba5 33.
Bf7 Kxa6 34. Bxe6 Rd8 35. Rf5 Re8 36. Re5 c3 37. Kd3 Bb4 38. h4 Bd6 39. Re2 Bb4 40. Bxd5 Rxe2 41. Kxe2 c2 42. Bc4+ Ka5 0-1

[Event "Late-Titled-Tuesday-Blitz-August-29-2023"]
[Site "Chess.com"]
[Date "2023.08.29"]
[Round "7"]
[White "platy3"]
[Black "eldur16"]
[Result "1-0"]
[WhiteElo "2907"]
[BlackElo "2629"]
[TimeControl "180+1"]
[EndTime "15:16:40 PDT"]
[Termination "platy3 won on time"]

1. e4 e5 2. Nf3 Nc6 3. Bc4 Bc5 4.
c3 Nf6 5. d4 exd4 6. b4 Bb6 7.
e5 Ne4 8. b5 d5 9. exd6 Na5 10.
dxc7 Qxc7 11. Bd5 Nf6 12. Qe2+ Kd8 13. Bg5 Re8 14. Be4 Bf5 15. Nbd2 dxc3 16. O-O cxd2 17. Qxd2+ Qd7 18. Bxf5 Qxd2 19. Bxd2 g6 20. Bh3 Nd7 21.
Rad1 f5 22. Bg5+ Kc7 23. Bf4+ Kc8 24. Ng5 Bc5 25. g4 h6 26. Nf7 g5 27. gxf5 Nf6 28.
Bd6 b6 29. Bxc5 bxc5 30. Nd6+ Kc7 31. Nxe8+ Rxe8 32. Rfe1 Rxe1+ 33. Rxe1 c4 34. Re6 c3 35. Re1 Kd6 36. Bf1 Kd5 37. Bd3 Kd4 38. Bc2 Nc4 39. Re6 Nd5 40. f6 Ne5 41. Rxe5 1-0

[Event "Late-Titled-Tuesday-Blitz-August-29-2023"]
[Site "Chess.com"]
[Date "2023.08.29"]
[Round "7"]
[White "Kostukov_Alex"]
[Black "FaustinoOro"]
[Result "0-1"]
[WhiteElo "2424"]
[BlackElo "2872"]
[TimeControl "180+1"]
[EndTime "15:16:40 PDT"]
[Termination "FaustinoOro won by resignation"]

1. g3 d5 2. Bg2 e5 3. c4 dxc4 4. Qa4+ c6 5. Qxc4 Nf6 6. Nf3 Bd6 7. O-O O-O 8. Nc3 h6 9. d4 exd4 10. Nxd4 Nbd7 11. Rd1 Ne5 12. Qb3 Qe7 13. h3 Re8 14.
e4 Bc5 15. Be3 Ng6 16. Rac1 Be6 17. Qc2 Bb4 18. a3 Ba5 19. Nxe6 Qxe6 20. f3 Nh5 21. Ne2 Bc7 22. f4 Qc8 23. e5 Bxe5 24. fxe5 Nxe5 25. g4 Nf6 26. Bd4 Nfd7 27. Ng3 Qc7 28. Nf5 f6 29. Re1 Kh8 30. Qd2 Nf8 31. Bxe5 fxe5 32. Rcd1 Ne6 33. Nh4 Nf4 34. Kh1 Qe7 35. Qxf4 Qxh4 36. Rxe5 Rxe5 37.
Qxe5 Rf8 38. Rf1 Rg8 39. Qf5 Re8 40. Kh2 Qe7 41. Rf4 Qd6 42. Be4 g6 43. Qxg6 Qxf4+ 44. Kg2 Qxe4+ 45. Qxe4 Rxe4 46. Kf3 Rc4 0-1

[Event "Late-Titled-Tuesday-Blitz-August-29-2023"]
[Site "Chess.com"]
[Date "2023.08.29"]
[Round "7"]
[White "Witik"]
[Black "KrokerGuy"]
[Result "0-1"]
[WhiteElo "2750"]
[BlackElo "2513"]
[TimeControl "180+1"]
[EndTime "15:16:41 PDT"]
[Termination "KrokerGuy won by checkmate"]

1. d4 d5 2. Bf4 Nf6 3. e3 c5 4. c3 Nc6 5. Nd2 e6 6. Bd3 Bd6 7. Bxd6 Qxd6 8. f4 c4 9. Bc2 b5 10. a3 a5 11. Ngf3 Ng4 12. Qe2 f5 13.
h3 Nf6 14. Ne5 O-O 15. O-O Ne4 16. Ndf3 Ng3 17. Qf2 Nxf1 18. Rxf1 Ne7 19. Qh4 Bd7 20. g4 Be8 21. Rf2 b4 22. Rg2 bxa3 23. bxa3 Rb8 24.
gxf5 Nxf5 25. Bxf5 exf5 26. Kh2 Rb3 27. Qg3 g6 28.
Qh4 Rxc3 29. Ng5 Qe7 30. Qh6 Qg7 31. Qh4 Rf6 32. Qe1 Rxa3 33. Rb2 Rb3 34. Rxb3 cxb3 35. Qxa5 Qb7 36. Qd8 Rf8 37. Ne6 b2 38. Nxf8 b1=Q 39. Nfd7 Q7b2+ 40. Kg3 Qe1+ 41. Kf3 Qbf2# 0-1

[Event "Late-Titled-Tuesday-Blitz-August-29-2023"]
[Site "Chess.com"]
[Date "2023.08.29"]
[Round "7"]
[White "Cambek64"]
[Black "grzechu96"]
[Result "1-0"]
[WhiteElo "2499"]
[BlackElo "2672"]
[TimeControl "180+1"]
[EndTime "15:16:41 PDT"]
[Termination "Cambek64 won on time"]

1. g3 d5 2. Bg2 Nf6 3. d3 e5 4. Nf3 Bd6 5. O-O O-O 6. Nc3 c6 7. e4 h6 8. Bd2 Re8 9. a3 a5 10. h3 a4 11. Re1 Qb6 12. Rb1 Nbd7 13. Nh4 d4 14. Ne2 Qd8 15. Nf5 Bf8 16. g4 c5 17.
Neg3 b5 18. f4 Ra6 19. fxe5 Nxe5 20. Rf1 c4 21. Qe2 Qc7 22. Bf4 Qa7 23. Rf2 Rae6 24. Rbf1 cxd3 25. cxd3 b4 26. Bxe5 Rxe5 27. Nxh6+ gxh6 28.
Rxf6 Be6 29. Nf5 bxa3 30. bxa3 Bxf5 31. gxf5 Qe7 32. Qg4+ Kh7 33. Ra6 Qxa3 34. Rf3 Qc1+ 35. Kh2 a3 36. Rg3 Qg5 37. Qf3 Qd8 38. f6 Bd6 39. Rg7+ Kh8 40. Kh1 Rg5 41. Rxg5 1-0

[Event "Late-Titled-Tuesday-Blitz-August-29-2023"]
[Site "Chess.com"]
[Date "2023.08.29"]
[Round "7"]
[White "laskakid"]
[Black "KorolDimitriy75"]
[Result "1-0"]
[WhiteElo "2184"]
[BlackElo "2329"]
[TimeControl "180+1"]
[EndTime "15:16:42 PDT"]
[Termination "laskakid won on time"]

1. d4 Nf6 2. c4 c5 3. d5 b5 4.
Qc2 bxc4 5. e4 d6 6. Bxc4 g6 7. Nf3 Bg7 8. O-O O-O 9. Re1 Nbd7 10. h3 Nb6 11. Bf1 e6 12. dxe6 Bxe6 13. Nc3 d5 14. e5 Nfd7 15. Bf4 h6 16. Rad1 Qe7 17.
a4 Rab8 18. a5 Nc4 19. Bxc4 dxc4 20. Ne4 Bf5 21. Qxc4 Rb4 22. Qd5 Be6 23. Qd2 g5 24. Bg3 Rfb8 25. Nd6 Rxb2 26. Qd3 R2b3 27. Qe4 R3b4 28.
Qc6 c4 29. Nd4 Nf8 30. N4f5 Bxf5 31. Nxf5 Qb7 32. Nxh6+ Kh7 33. Qd6 Bxh6 34. h4 Re8 35. hxg5 Bxg5 36. f4 Bh6 37. Bh4 Ng6 38. Bf6 Bxf4 39.
Qd7 Qxd7 40. Rxd7 Kg8 41. e6 Rxe6 42. Rxe6 fxe6 43. Rg7+ Kf8 44. Rxg6 Kf7 45. Bc3 1-0

[Event "Late-Titled-Tuesday-Blitz-August-29-2023"]
[Site "Chess.com"]
[Date "2023.08.29"]
[Round "7"]
[White "wgraif"]
[Black "PepeCuenca"]
[Result "0-1"]
[WhiteElo "2533"]
[BlackElo "2722"]
[TimeControl "180+1"]
[EndTime "15:16:43 PDT"]
[Termination "PepeCuenca won by checkmate"]

1. e4 c5 2. Nc3 Nc6 3. Bb5 Nd4 4. Nf3 e6 5. O-O a6 6. Bd3 Nc6 7. e5 d6 8. exd6 Bxd6 9. b3 Nf6 10. Bb2 O-O 11. Ne4 Be7 12. Re1 h6 13. Ne5 Nd4 14.
Nxf6+ Bxf6 15. Qh5 b5 16. Be4 Rb8 17. c3 Nf5 18.
Nc6 Qxd2 19. Re2 Qd6 20. Nxb8 Qxb8 21. Rd1 c4 22. Red2 Be7 23. h3 Qc7 24. b4 Bf6 25. Qe2 a5 26. bxa5 Qxa5 27. Rc1 Qc7 28. Ba3 Re8 29. Bb4 Qf4 30. Rcd1 Bg5 31. Bxf5 Qxf5 32.
Rd5 Qg6 33. Rxb5 e5 34. Rb8 Bd7 35. Rxe8+ Bxe8 36. Qxe5 f6 37. Qe6+ Kh7 38. Qxc4 Bf7 39. Qd3 f5 40. c4 Bf6 41. Bc3 Bg5 42. a3 Bh4 43. c5 Be8 44. Qd4 Bc6 45. Qe5 Qxg2# 0-1

[Event "Late-Titled-Tuesday-Blitz-August-29-2023"]
[Site "Chess.com"]
[Date "2023.08.29"]
[Round "7"]
[White "karinachess1"]
[Black "stasOR4ik"]
[Result "1-0"]
[WhiteElo "2613"]
[BlackElo "2468"]
[TimeControl "180+1"]
[EndTime "15:16:44 PDT"]
[Termination "karinachess1 won on time"]

1. c4 c6 2. d4 d5 3. Nf3 Nf6 4. g3 Bg4 5. Ne5 Bh5 6. Qb3 Qb6 7. Nc3 e6 8. c5 Qc7 9. Bf4 Qc8 10. f3 Nbd7 11. g4 Bg6 12. Nxg6 hxg6 13. Qd1 Be7 14. Bg2 Bd8 15. b4 Bc7 16. Bg3 Qb8 17. Kf2 e5 18.
e3 Nf8 19. a4 Ne6 20. b5 exd4 21. exd4 Rxh2 22. Bxh2 Bxh2 23. Kf1 Qc7 24. Ne2 O-O-O 25. Qd3 Nf4 26. Nxf4 Bxf4 27. Re1 Qa5 28. bxc6 bxc6 29. Qb3 Bg3 30. Rb1 Kd7 31. Qb7+ Bc7 32. Qb4 Qa6+ 33.
Kf2 Re8 34. Rhe1 Rxe1 35. Qxe1 Qd3 36. Rd1 Qc2+ 37. Qe2 Qxa4 38. g5 Nh5 39. Bh3+ Kd8 40. Re1 Qxd4+ 41. Qe3 Bg3+ 42. Kg2 Qxe3 43. Rxe3 Bf4 44.
Ra3 d4 45. Rxa7 1-0

[Event "Late-Titled-Tuesday-Blitz-August-29-2023"]
[Site "Chess.com"]
[Date "2023.08.29"]
[Round "7"]
[White "Bilan_Danila"]
[Black "AsaHoffmann"]
[Result "1-0"]
[WhiteElo "2483"]
[BlackElo "2362"]
[TimeControl "180+1"]
[EndTime "15:16:45 PDT"]
[Termination "Bilan_Danila won by resignation"]

1. d4 Nf6 2. Nf3 d6 3. g3 c6 4. Bg2 Bf5 5. O-O h6 6. c4 Nbd7 7. Nc3 e5 8. dxe5 dxe5 9. Re1 Be7 10. e4 Bh7 11. h3 Qc7 12. Be3 O-O 13. Qc2 Rfd8 14. Nh4 Bc5 15. Nf5 Bxe3 16. fxe3 Nc5 17. Rad1 Rxd1 18. Rxd1 Rd8 19. g4 Bxf5 20. exf5 Rxd1+ 21. Qxd1 e4 22. Qd4 Qb6 23. b3 Qb4 24. Kh2 a5 25.
Kg3 a4 26. bxa4 Nxa4 27. Nxe4 Nxe4+ 28. Bxe4 Qe1+ 29. Kh2 Nc3 30. f6 Qf2+ 31. Kh1 Qxf6 32. Qxf6 gxf6 33. Bf5 Nd1 34. e4 Ne3 35. c5 Kf8 36. Kg1 Ke7 37. Bc8 Kd8 38. Bxb7 Kc7 39. Ba6 Nc2 40. Bc4 Nb4 41. Bxf7 Na6 42. Kf2 Nxc5 43.
Ke3 Kd6 44. Kf4 Nd3+ 45. Kf5 Ke7 46. Bb3 c5 47. Kg6 Nb2 48. Kxh6 c4 49. Bc2 c3 50. h4 Nc4 51. Kg6 Ne3 52. Bd3 c2 53. Bxc2 Nxc2 54.
h5 Nd4 55. h6 Ne6 56. h7 Nf8+ 57. Kg7 Nxh7 58. Kxh7 Ke6 59. Kg6 Ke5 60. a4 Kxe4 61.
Kxf6 Kd5 62. g5 Kc5 63. g6 1-0

[Event "Late-Titled-Tuesday-Blitz-August-29-2023"]
[Site "Chess.com"]
[Date "2023.08.29"]
[Round "7"]
[White "Sinquefield"]
[Black "Mesa_1"]
[Result "1-0"]
[WhiteElo "2445"]
[BlackElo "2546"]
[TimeControl "180+1"]
[EndTime "15:16:47 PDT"]
[Termination "Sinquefield won on time"]

1. d4 Nf6 2. Nf3 g6 3. Bg5 Bg7 4. Nbd2 d5 5. e3 O-O 6. Be2 b6 7. O-O Bb7 8. c4 c5 9. cxd5 Nxd5 10. dxc5 Bxb2 11. Bh6 Nc3 12. Qe1 Re8 13. Bc4 Bd5 14. e4 Bxc4 15. Nxc4 Bxa1 16. Qxa1 Qd3 17. Nce5 Qc2 18.
Nd4 Qxe4 19. Qxc3 Qxe5 20. c6 Nxc6 21. Qxc6 Qxd4 22. h3 Qc5 23. Qf3 Qf5 24. Qc3 Qf6 25. Qa3 a5 26. Re1 Rac8 27. Re3 Rc5 28. Rf3 Rf5 29.
Qa4 Rd8 30. Rd3 Qa1+ 31. Kh2 Qe5+ 32. f4 Qb8 33. Re3 Re8 34. Qc4 Rf6 35. g4 Rc8 36. Qd4 Rd8 37. Qc3 Qc8 38. Qb2 Rd7 39. Rxe7 Rxe7 40.
Qxf6 Qc2+ 41. Kg3 Re3+ 42. Kh4 Qf2+ 43. Kg5 1-0

[Event "Late-Titled-Tuesday-Blitz-August-29-2023"]
[Site "Chess.com"]
[Date "2023.08.29"]
[Round "7"]
[White "Sajkochess"]
[Black "Zq1"]
[Result "0-1"]
[WhiteElo "2412"]
[BlackElo "2523"]
[TimeControl "180+1"]
[EndTime "15:16:48 PDT"]
[Termination "Zq1 won on time"]

1. e4 c5 2. Nf3 d6 3. d4 cxd4 4. Nxd4 Nf6 5. Nc3 Nc6 6. g3 g6 7. Nde2 b6 8. Bg2 Ba6 9. O-O Rc8 10. Re1 Bg7 11. Bg5 O-O 12. Nd5 e6 13. Nxf6+ Bxf6 14. Bxf6 Qxf6 15. c3 Rfd8 16. Nf4 Ne5 17. Qa4 Bb7 18. Rad1 a6 19. Qd4 Rb8 20. Re3 Ng4 21.
Qxf6 Nxf6 22. Red3 Nxe4 23. Bxe4 Bxe4 24. Rxd6 Rxd6 25. Rxd6 Kf8 26. Rd7 Ke8 27. Ra7 Rd8 28. f3 Bxf3 29. Kf2 Bh1 30. Ke3 a5 31. Nd3 Rd7 32.
Ra6 Rb7 33. Ra8+ Ke7 34. Rh8 h5 35. Ne5 Kf6 36. Nc4 a4 37. Nd6 Rd7 38. Ne8+ Ke5 39. Ng7 Be4 40. Rb8 Rb7 41. Rxb7 Bxb7 42. b3 a3 43. Ne8 g5 44. Nc7 Bc6 45. Na6 f5 46.
Nb4 f4+ 47. gxf4+ gxf4+ 48. Kf2 Be4 49. c4 Kd4 50. Ke2 Kc3 51. Na6 Bb7 0-1

[Event "Late-Titled-Tuesday-Blitz-August-29-2023"]
[Site "Chess.com"]
[Date "2023.08.29"]
[Round "7"]
[White "Maili15"]
[Black "bazar-wokzal"]
[Result "1-0"]
[WhiteElo "2354"]
[BlackElo "2544"]
[TimeControl "180+1"]
[EndTime "15:16:48 PDT"]
[Termination "Maili15 won on time"]

1. e4 g5 2. d4 Bg7 3. Bxg5 c5 4. c3 Qb6 5. Ne2 Qg6 6. h4 Qxe4 7. dxc5 Na6 8. Nd2 Qe5 9. Nb3 Nxc5 10. Nxc5 Qxc5 11. Ng3 Nf6 12. Be2 d5 13. Qd2 e5 14. h5 h6 15. Be3 Qc6 16. O-O Be6 17.
a4 a6 18. b4 Ng4 19. b5 Qc7 20. Bxg4 Bxg4 21. Qxd5 O-O 22. Rac1 Kh7 23. c4 f5 24.
f4 Rae8 25. Kh1 Rd8 26. Qc5 Qxc5 27. Bxc5 Rfe8 28. Bb6 Rd3 29. Kh2 exf4 30. Nh1 Be5 31. Nf2 f3+ 32. g3 Bxh5 33. c5 Bd4 34. Nxd3 Re2+ 35.
Kh1 Ra2 36. Nf4 Be8 37. a5 Bxb5 38. Rfe1 Bc6 39. Re7+ Kg8 40. Rf1 Re2 41. Rc7 1-0

[Event "Late-Titled-Tuesday-Blitz-August-29-2023"]
[Site "Chess.com"]
[Date "2023.08.29"]
[Round "7"]
[White "betta2004"]
[Black "TigrVShlyape"]
[Result "1/2-1/2"]
[WhiteElo "2574"]
[BlackElo "2853"]
[TimeControl "180+1"]
[EndTime "15:16:50 PDT"]
[Termination "Game drawn by repetition"]

1. d4 Nf6 2. Nc3 d5 3. Bf4 Bf5 4. f3 e6 5. g4 Bg6 6. h4 h6 7. Qd2 a6 8. e3 c5 9. Bd3 Bxd3 10. Qxd3 Nc6 11. Nge2 cxd4 12. exd4 Bd6 13. O-O-O Qc7 14.
Qe3 O-O-O 15. g5 Nh5 16. Bxd6 Qxd6 17. f4 g6 18. Rdf1 Ng7 19. Ng3 h5 20. Nd1 Ne7 21.
Nf2 Ngf5 22. Nxf5 Nxf5 23. Qd2 Kb8 24. Rh3 Rc8 25. c3 Qb6 26. Kb1 Rc7 27. Nd3 Rhc8 28. Ne5 Ka8 29. Rc1 Qb5 30. b3 Qb6 31. Kb2 Qd6 32.
a3 b6 33. a4 a5 34. Qd3 Kb8 35. Rhh1 Rb7 36. Qb5 Qc7 37. Rhd1 Nd6 38. Qd3 b5 39. axb5 Rxb5 40. Ra1 Nc4+ 41. Kc2 Nd6 42. Ra4 Qb7 43. Ra3 Ne4 44. c4 Nf2 45. Qc3 Nxd1 46. Kxd1 dxc4 47. bxc4 Qh1+ 48. Kd2 Qg2+ 49. Kd3 Qg3+ 50. Ke4 Qg2+ 51. Kd3 Qf1+ 52. Ke3 Rb1 53.
Rb3+ Rxb3 54. Qxb3+ Ka7 55. Qb5 Qe1+ 56. Kf3 Qd1+ 57.
Ke3 Qe1+ 58. Kf3 Qd1+ 59. Ke3 Qe1+ 1/2-1/2

[Event "Late-Titled-Tuesday-Blitz-August-29-2023"]
[Site "Chess.com"]
[Date "2023.08.29"]
[Round "7"]
[White "scandalgod"]
[Black "Lennis93"]
[Result "1-0"]
[WhiteElo "2504"]
[BlackElo "2685"]
[TimeControl "180+1"]
[EndTime "15:16:51 PDT"]
[Termination "scandalgod won by checkmate"]

1. d4 Nf6 2. c4 e6 3. g3 Bb4+ 4. Bd2 Be7 5. Bg2 d5 6. Nf3 dxc4 7. Qc2 b5 8. a4 b4 9. Ne5 Nd5 10. Nxc4 O-O 11. O-O a5 12. Rd1 f5 13. e4 fxe4 14.
Qxe4 Nc6 15. Ne3 Ra6 16. Nxd5 exd5 17. Qxd5+ Kh8 18. Be3 Bg4 19. Rc1 Rf6 20. Qxd8+ Bxd8 21. Nd2 Ne7 22. Ne4 Rf8 23. Nc5 Rg6 24. Bf4 c6 25.
Nd3 Bf5 26. Ne5 Re6 27. Nxc6 Bb6 28. Nxe7 Rxe7 29. Be5 Bd3 30. Rc6 Rxe5 31. dxe5 Bxf2+ 32. Kh1 b3 33. e6 g6 34. e7 Re8 35. Rd1 Rxe7 36.
Rf6 Bc2 37. Rd8+ Kg7 38. Rxf2 Re1+ 39. Rf1 Re2 40. Rd7+ Kh6 41. Rdf7 Bf5 42. Rb7 Rxb2 43. h3 Bc2 44. g4 Ra2 45. Kh2 Rxa4 46. Rff7 Kg5 47. Kg3 Rb4 48. h4+ Kh6 49. Rxh7# 1-0

[Event "Late-Titled-Tuesday-Blitz-August-29-2023"]
[Site "Chess.com"]
[Date "2023.08.29"]
[Round "7"]
[White "ShiroglanTalibov"]
[Black "Rud_Makarian"]
[Result "0-1"]
[WhiteElo "2857"]
[BlackElo "3015"]
[TimeControl "180+1"]
[EndTime "15:16:53 PDT"]
[Termination "Rud_Makarian won on time"]

1. e4 c5 2. Nf3 Nc6 3. d4 cxd4 4. Nxd4 Nf6 5. Nc3 d6 6. Bg5 Bd7 7. Qd2 h6 8. Bh4 g5 9. Bg3 Bg7 10. Nxc6 Bxc6 11. f3 d5 12. exd5 Nxd5 13. Nxd5 Qxd5 14.
Qxd5 Bxd5 15. Bb5+ Kf8 16. O-O-O e6 17. Kb1 a6 18. c4 Bxf3 19. gxf3 axb5 20. cxb5 Ke7 21. Bd6+ Kf6 22. b3 Kf5 23. a4 Rhd8 24. Bc7 Rd4 25. b6 Rb4 26. Ka2 Ra6 27. Rd7 Bd4 28. Rxf7+ Kg6 29.
Re7 Bxb6 30. Rxe6+ Kf5 31. Re5+ Kf6 32. Bb8 Ra8 33.
Re8 Bc7 34. Bxc7 Rxe8 35. Ka3 Rd4 36. a5 Rd3 37. f4 g4 38. Be5+ Kf5 39. Ka4 h5 40. b4 Rc8 41. Kb5 Rc6 42. Re1 Rd5+ 43. Ka4 Rc2 44. Bb8 Rxh2 45. Re8 g3 0-1

[Event "Late-Titled-Tuesday-Blitz-August-29-2023"]
[Site "Chess.com"]
[Date "2023.08.29"]
[Round "7"]
[White "Kleyton_Lima"]
[Black "lamomiajunior"]
[Result "1-0"]
[WhiteElo "2548"]
[BlackElo "2736"]
[TimeControl "180+1"]
[EndTime "15:16:53 PDT"]
[Termination "Kleyton_Lima won by resignation"]

1. e4 c5 2. Nf3 d6 3. d4 cxd4 4. Nxd4 Nf6 5. Nc3 a6 6. Bg5 Nbd7 7. Qe2 b5 8. O-O-O Bb7 9. f4 Rc8 10. e5 dxe5 11. fxe5 Rxc3 12. exf6 Rc5 13. fxe7 Bxe7 14. Bxe7 Qxe7 15. Qxe7+ Kxe7 16. Be2 Rhc8 17. Bg4 R8c7 18. Bxd7 Rxd7 19. Rhe1+ Kd8 20. Nf3 Bxf3 21. gxf3 Rh5 22.
Rxd7+ Kxd7 23. Re2 Rh3 24. Rf2 Ke6 25. Kd2 Rh4 26. b3 Rd4+ 27. Ke3 Rd1 28. c4 f5 29. Rc2 g5 30. c5 Kd5 31. f4 g4 32. c6 Re1+ 33. Kf2 Re8 34. c7 Rc8 35. Kg3 Ke4 36. Re2+ Kd4 37. Re7 h5 38. Kh4 Kc3 39.
Kxh5 Kb2 40. Re2+ Kb1 41. Kg5 Rxc7 42. Kxf5 Rg7 43. Kf6 Rg8 44. f5 g3 45. hxg3 Rxg3 46. Ke7 Rc3 47. f6 Rc7+ 48. Kf8 b4 49. f7 a5 50. Kg7 Ka1 51. Kg8 Rc8+ 52. f8=Q Rxf8+ 53. Kxf8 a4 54. bxa4 1-0

[Event "Late-Titled-Tuesday-Blitz-August-29-2023"]
[Site "Chess.com"]
[Date "2023.08.29"]
[Round "7"]
[White "Valeron87"]
[Black "FedaMaster"]
[Result "0-1"]
[WhiteElo "2470"]
[BlackElo "2703"]
[TimeControl "180+1"]
[EndTime "15:16:53 PDT"]
[Termination "FedaMaster won by checkmate"]

1. e4 d5 2. exd5 Qxd5 3. Nf3 Bg4 4. Be2 Nc6 5. d4 O-O-O 6. c4 Qf5 7. Be3 e6 8. O-O Nf6 9. Nbd2 h6 10. a3 g5 11. b4 Bxf3 12. Nxf3 g4 13. Nh4 Qh5 14. g3 Ne7 15. Qa4 Kb8 16. d5 Nc8 17. dxe6 fxe6 18.
Rfd1 Be7 19. Rxd8 Rxd8 20. Rd1 Rxd1+ 21. Qxd1 a6 22. h3 Qe8 23. hxg4 Ne4 24. Ng2 Bg5 25. Qd4 Ned6 26. Bxg5 hxg5 27. Qe3 Qg6 28. c5 Qb1+ 29.
Bf1 Nf7 30. Qxe6 Qh7 31. Ne3 Nd8 32. Qf5 Qh8 33. Qxg5 Nc6 34. Bg2 Nd4 35. Qd5 c6 36. Qe4 Ne2+ 37. Kf1 Nc1 38. Qc2 Qa1 39. Qd1 Qxa3 40.
g5 Qc3 41. g6 Ne7 42. Qd6+ Ka7 43. Qxe7 Qd4 44. Kg1 Ne2+ 45. Kh2 Qa1 46. Bh3 Qg1# 0-1

[Event "Late-Titled-Tuesday-Blitz-August-29-2023"]
[Site "Chess.com"]
[Date "2023.08.29"]
[Round "7"]
[White "MaxLeto"]
[Black "ferrufino64"]
[Result "0-1"]
[WhiteElo "2390"]
[BlackElo "2139"]
[TimeControl "180+1"]
[EndTime "15:16:55 PDT"]
[Termination "ferrufino64 won on time"]

1. g4 d5 2. Bg2 e6 3. h4 b6 4. d4 Bb7 5. g5 c5 6. c3 Nc6 7. Nf3 Bd6 8. Na3 a6 9. Nc2 Nge7 10. Be3 c4 11. Qd2 Nf5 12. Bf4 Qc7 13. Bxd6 Qxd6 14. Ne3 Nxe3 15. Qxe3 O-O-O 16. b3 cxb3 17. axb3 Rhe8 18.
Ne5 Nxe5 19. dxe5 Qc7 20. O-O h6 21. Ra4 hxg5 22. hxg5 Kb8 23. Rb4 b5 24. Ra1 Rh8 25.
c4 d4 26. Qg3 Qc5 27. Bxb7 Kxb7 28. Raa4 Ra8 29. Qf3+ Kb6 30. cxb5 Qc1+ 31. Kg2 Qh1+ 32.
Kg3 Qh4+ 33. Kg2 Qh1+ 34. Kg3 Rh3+ 35. Kf4 Rxf3+ 36. exf3 a5 37. Rxd4 Qc1+ 38. Ke4 Qc2+ 39. Ke3 Qc1+ 40. Ke4 Kxb5 41. Rac4 Qb1+ 42. Kf4 Qg6 43.
Re4 Rd8 44. Ke3 Rd5 45. f4 Qh5 46. f3 Qh1 0-1

[Event "Late-Titled-Tuesday-Blitz-August-29-2023"]
[Site "Chess.com"]
[Date "2023.08.29"]
[Round "7"]
[White "Piotrek1979"]
[Black "cottage_cheese"]
[Result "0-1"]
[WhiteElo "2454"]
[BlackElo "2315"]
[TimeControl "180+1"]
[EndTime "15:16:58 PDT"]
[Termination "cottage_cheese won on time"]

1. Nf3 d5 2. g3 g6 3. Bg2 Bg7 4. c4 c6 5. O-O e5 6. cxd5 cxd5 7. d3 Ne7 8. Nc3 Nbc6 9. Bg5 O-O 10. Rc1 Be6 11. a3 h6 12. Bd2 Qd7 13. b4 a6 14.
Na4 Qd6 15. Nc5 Bc8 16. Qb3 b6 17. Na4 Rb8 18. Rfd1 Be6 19. Qb1 Bd7 20. Be3 Nxb4 21. Nxb6 Nbc6 22. Qa2 Be6 23. Qc2 d4 24. Nxd4 Nxd4 25.
Bxd4 exd4 26. Nc4 Qc5 27. Qa4 Qb5 28. Qc2 Nd5 29. Rb1 Qc5 30. Rbc1 Nc3 31. Re1 Bxc4 32. dxc4 Qxc4 33. h4 Rfe8 34. Bf3 Rb3 35. h5 g5 36. Qf5 Rxa3 37. Rc2 Qe6 38. Qd3 Ra2 39. Rxa2 Qxa2 40.
Kg2 Qe6 41. Rc1 a5 42. g4 a4 43. Rc2 a3 44. Rc1 a2 45. Ra1 Be5 46. Qc2 Bd6 47. Qd2 Qe5 48. Qc2 Qh2+ 49. Kf1 Nxe2 50. Rxa2 Nc3 0-1